| TOP OF THE 1ST |
|
Sumter Gamecocks batting - Pitching for Greenwood Grizzlies : RHP Dana Kiecker
|
|
Pitching: RHP Dana Kiecker
|
|
|
Batting: SHB John Cangelosi
|
0-0: Ball 1-0: SINGLE (Line Drive, 34D, EV 102.5 MPH)
|
|
Batting: LHB Antonio Tapia
|
0-0: DOUBLE (Line Drive, 89M, EV 96.3 MPH) John Cangelosi to third Runner from 3rd tries for Home, SAFE, throw by RF to trailing runner, SAFE at third!
|
|
Batting: RHB Randy Washington
|
0-0: Called Strike 0-1: Swinging Strike 0-2: Strikes out swinging
|
|
Batting: RHB Kelly Gruber
|
0-0: Swinging Strike 0-1: Called Strike 0-2: Ball 1-2: Foul Ball, location: 2F 1-2: Ball 2-2: Ball 3-2: Ground out 1-3 (Groundball, 34S, EV 69.4 MPH)
|
|
Batting: LHB Mark Gerard
|
0-0: SINGLE (Line Drive, 89M, EV 96.3 MPH) Antonio Tapia scores
|
|
Batting: RHB Jerry Hidalgo
|
0-0: Ball 1-0: Called Strike 1-1: Called Strike 1-2: Fielders Choice at 2nd, U4 (Groundball, 4M, EV 90.0 MPH)
|
| Top of the 1st over - 2 runs, 3 hits, 0 errors, 1 left on base; Sumter 2 - Greenwood 0 |
| BOTTOM OF THE 1ST |
|
Greenwood Grizzlies batting - Pitching for Sumter Gamecocks : RHP David Lopez
|
|
Pitching: RHP David Lopez
|
|
|
Batting: RHB Dave Gallagher
|
0-0: Ball 1-0: Ball 2-0: Called Strike 2-1: Ball 3-1: Foul Ball, location: 2F 3-2: Foul Ball, location: 2F 3-2: Strikes out swinging
|
|
Batting: RHB Robert Weirum
|
0-0: Ball 1-0: Ball 2-0: Called Strike 2-1: DOUBLE (Line Drive, 78D, EV 105.6 MPH)
|
|
Batting: LHB Mike Greenwell
|
0-0: Ball 1-0: Ball 2-0: SINGLE (Line Drive, 5D, EV 105.6 MPH) Robert Weirum to third Runner from 3rd tries for Home, SAFE, throw by LF to home
|
|
Batting: LHB Daryl Boston
|
0-0: Ball 1-0: Ball 2-0: Ball 3-0: Base on Balls Mike Greenwell to second
|
|
Batting: RHB Jim Sherman
|
0-0: Called Strike 0-1: Fly out, F4 (Popup, 34, EV 79.4 MPH)
|
|
Batting: LHB John Flammang
|
0-0: Foul Ball, location: 2F 0-1: Ball 1-1: Ball 2-1: Called Strike 2-2: Fly out, F8 (Flyball, 8RD, EV 97.5 MPH)
|
| Bottom of the 1st over - 1 run, 2 hits, 0 errors, 2 left on base; Sumter 2 - Greenwood 1 |
| TOP OF THE 2ND |
|
Sumter Gamecocks batting - Pitching for Greenwood Grizzlies : RHP Dana Kiecker
|
|
Batting: RHB Aldo Bagiotti
|
0-0: Ball 1-0: Called Strike 1-1: Foul Ball, location: 2F 1-2: Ball 2-2: Fly out, F7 (Flyball, 7LS, EV 86.3 MPH)
|
|
Batting: RHB Claude Johnson
|
0-0: Called Strike 0-1: Called Strike 0-2: Ball 1-2: Ball 2-2: Ball 3-2: SINGLE (Line Drive, 78S, EV 89.4 MPH)
|
|
Batting: RHB Juan Hernandez
|
0-0: Ball 1-0: Called Strike 1-1: Swinging Strike 1-2: Fly out, F8 (Flyball, 8RXD, EV 93.8 MPH)
|
|
Batting: SHB John Cangelosi
|
0-0: Ball 1-0: Foul Ball, location: 2F 1-1: Foul Ball, location: 2F 1-2: Ground out 4-3 (Groundball, 4, EV 101.3 MPH)
|
| Top of the 2nd over - 0 runs, 1 hit, 0 errors, 1 left on base; Sumter 2 - Greenwood 1 |
| BOTTOM OF THE 2ND |
|
Greenwood Grizzlies batting - Pitching for Sumter Gamecocks : RHP David Lopez
|
|
Batting: RHB George Chadwick
|
0-0: Ground out 2-3 (Groundball, 15S, EV 65.0 MPH)
|
|
Batting: RHB Therron Harper
|
0-0: Ground out 1-3 (Groundball, 13S, EV 68.1 MPH)
|
|
Batting: RHB Timothy Hume
|
0-0: Foul Ball, location: 2F 0-1: Foul Ball, location: 2F 0-2: Ball 1-2: Ground out 3-1 (Groundball, 34S, EV 81.9 MPH)
|
| Bottom of the 2nd over - 0 runs, 0 hits, 0 errors, 0 left on base; Sumter 2 - Greenwood 1 |
| TOP OF THE 3RD |
|
Sumter Gamecocks batting - Pitching for Greenwood Grizzlies : RHP Dana Kiecker
|
|
Batting: LHB Antonio Tapia
|
0-0: Ball 1-0: Swinging Strike 1-1: Fly out, F5 (Flyball, 5D, EV 88.8 MPH)
|
|
Batting: RHB Randy Washington
|
0-0: Ball 1-0: Swinging Strike 1-1: Called Strike 1-2: Foul Ball, location: 2F 1-2: Ball 2-2: Foul Ball, location: 2F 2-2: Strikes out looking
|
|
Batting: RHB Kelly Gruber
|
0-0: Ground out 4-3 (Groundball, 4, EV 86.9 MPH)
|
| Top of the 3rd over - 0 runs, 0 hits, 0 errors, 0 left on base; Sumter 2 - Greenwood 1 |
| BOTTOM OF THE 3RD |
|
Greenwood Grizzlies batting - Pitching for Sumter Gamecocks : RHP David Lopez
|
|
Batting: RHB Dave Gallagher
|
0-0: Ball 1-0: SINGLE (Flyball, 5D, EV 91.3 MPH)
|
|
Batting: RHB Robert Weirum
|
0-0: Foul Ball, location: 2F 0-1: Ball 1-1: Ball 2-1: SINGLE (Groundball, 4MD, EV 100.6 MPH) Dave Gallagher to second
|
|
Batting: LHB Mike Greenwell
|
0-0: Foul Ball, location: 2F 0-1: Ball 1-1: Called Strike 1-2: Foul Ball, location: 2F 1-2: TRIPLE (Flyball, 8LXD, EV 92.5 MPH) Dave Gallagher scores Robert Weirum scores
|
|
Batting: LHB Daryl Boston
|
0-0: Ball 1-0: Ground out 4-3 (Groundball, 4, EV 88.1 MPH) Mike Greenwell scores
|
|
Batting: RHB Jim Sherman
|
0-0: Swinging Strike 0-1: Ball 1-1: Foul Ball, location: 2F 1-2: Ball 2-2: Ball 3-2: Strikes out looking
|
|
Batting: LHB John Flammang
|
0-0: Ball 1-0: Called Strike 1-1: Called Strike 1-2: Ball 2-2: Strikes out looking
|
| Bottom of the 3rd over - 3 runs, 3 hits, 0 errors, 0 left on base; Sumter 2 - Greenwood 4 |
| TOP OF THE 4TH |
|
Sumter Gamecocks batting - Pitching for Greenwood Grizzlies : RHP Dana Kiecker
|
|
Batting: LHB Mark Gerard
|
0-0: Ball 1-0: Ball 2-0: Ball 3-0: Called Strike 3-1: Foul Ball, location: 2F 3-2: Foul Ball, location: 2F 3-2: Foul Ball, location: 2F 3-2: Foul Ball, location: 2F 3-2: Foul Ball, location: 2F 3-2: Base on Balls
|
|
Batting: RHB Jerry Hidalgo
|
0-0: Fly out, F9 (Flyball, 9LM, EV 89.4 MPH)
|
|
Batting: RHB Aldo Bagiotti
|
0-0: Ball 1-0: Swinging Strike 1-1: Swinging Strike 1-2: Ball 2-2: Foul Ball, location: 2F 2-2: SINGLE (Line Drive, 6D, EV 103.1 MPH) Mark Gerard to second
|
|
Batting: RHB Claude Johnson
|
0-0: Called Strike 0-1: Foul Ball, location: 2F 0-2: Ball 1-2: Strikes out looking
|
|
Batting: RHB Juan Hernandez
|
0-0: Foul Ball, location: 2F 0-1: Swinging Strike 0-2: Strikes out swinging
|
| Top of the 4th over - 0 runs, 1 hit, 0 errors, 2 left on base; Sumter 2 - Greenwood 4 |
| BOTTOM OF THE 4TH |
|
Greenwood Grizzlies batting - Pitching for Sumter Gamecocks : RHP David Lopez
|
|
Batting: RHB George Chadwick
|
0-0: Called Strike 0-1: Ground out 4-3 (Groundball, 4, EV 88.8 MPH)
|
|
Batting: RHB Therron Harper
|
0-0: Ball 1-0: Ball 2-0: Swinging Strike 2-1: Foul Ball, location: 2F 2-2: Ground out 2-3 (Groundball, 2L, EV 70.0 MPH)
|
|
Batting: RHB Timothy Hume
|
0-0: Called Strike 0-1: Ball 1-1: Swinging Strike 1-2: Strikes out swinging
|
| Bottom of the 4th over - 0 runs, 0 hits, 0 errors, 0 left on base; Sumter 2 - Greenwood 4 |
| TOP OF THE 5TH |
|
Sumter Gamecocks batting - Pitching for Greenwood Grizzlies : RHP Dana Kiecker
|
|
Batting: SHB John Cangelosi
|
0-0: Called Strike 0-1: Ball 1-1: Fly out, F9 (Flyball, 9, EV 90.6 MPH)
|
|
Batting: LHB Antonio Tapia
|
0-0: Called Strike 0-1: Ball 1-1: Swinging Strike 1-2: Ball 2-2: Foul Ball, location: 2F 2-2: Ball 3-2: Foul Ball, location: 2F 3-2: Foul Ball, location: 2F 3-2: Foul Ball, location: 2F 3-2: Base on Balls
|
|
Batting: RHB Randy Washington
|
0-0: Ball 1-0: Ball 2-0: SINGLE (Groundball, 56D, EV 105.6 MPH) Antonio Tapia to second
|
|
Batting: RHB Kelly Gruber
|
0-0: Called Strike 0-1: Foul Ball, location: 2F 0-2: Ball 1-2: Foul Ball, location: 2F 1-2: Ball 2-2: Foul Ball, location: 2F 2-2: Foul Ball, location: 2F 2-2: Grounds into double play, 6-4-3 (Groundball, 6, EV 85.0 MPH)
|
| Top of the 5th over - 0 runs, 1 hit, 0 errors, 1 left on base; Sumter 2 - Greenwood 4 |
| BOTTOM OF THE 5TH |
|
Greenwood Grizzlies batting - Pitching for Sumter Gamecocks : RHP David Lopez
|
|
Batting: RHB Dave Gallagher
|
0-0: Ball 1-0: Called Strike 1-1: Ground out 6-3 (Groundball, 6S, EV 86.3 MPH)
|
|
Batting: RHB Robert Weirum
|
0-0: SINGLE (Groundball, 56D, EV 102.5 MPH)
|
|
Batting: LHB Mike Greenwell
|
0-0: Called Strike 0-1: Ball Robert Weirum is caught stealing 2nd base 2-6 1-1: Foul Ball, location: 2F 1-2: Fly out, F7 (Flyball, 7S, EV 93.8 MPH)
|
| Bottom of the 5th over - 0 runs, 1 hit, 0 errors, 0 left on base; Sumter 2 - Greenwood 4 |
| TOP OF THE 6TH |
|
Sumter Gamecocks batting - Pitching for Greenwood Grizzlies : RHP Dana Kiecker
|
|
Batting: LHB Mark Gerard
|
0-0: Ball 1-0: Ball 2-0: Ground out U3 (Groundball, 34S, EV 90.6 MPH)
|
|
Batting: RHB Jerry Hidalgo
|
0-0: Called Strike 0-1: Ball 1-1: Swinging Strike 1-2: SINGLE (Groundball, 56S, EV 63.8 MPH) (infield hit)
|
|
Batting: RHB Aldo Bagiotti
|
0-0: Called Strike 0-1: Foul Ball, location: 2F 0-2: Ball 1-2: Ball 2-2: Ball Jerry Hidalgo is caught stealing 2nd base 2-4 3-2: SINGLE (Groundball, 56D, EV 101.9 MPH)
|
|
Batting: RHB Claude Johnson
|
0-0: Ball 1-0: Foul Ball, location: 2F 1-1: Fly out, F8 (Line Drive, 8LD, EV 90.6 MPH)
|
| Top of the 6th over - 0 runs, 2 hits, 0 errors, 1 left on base; Sumter 2 - Greenwood 4 |
| BOTTOM OF THE 6TH |
|
Greenwood Grizzlies batting - Pitching for Sumter Gamecocks : RHP David Lopez
|
|
Batting: LHB Daryl Boston
|
0-0: Ball 1-0: Ball 2-0: Ball 3-0: Called Strike 3-1: Foul Ball, location: 2F 3-2: Ground out 4-3 (Groundball, 4, EV 88.8 MPH)
|
|
Batting: RHB Jim Sherman
|
0-0: Called Strike 0-1: Foul Ball, location: 2F 0-2: Strikes out swinging, 2-3 out at first.
|
|
Batting: LHB John Flammang
|
0-0: Ball 1-0: Ball 2-0: Swinging Strike 2-1: Swinging Strike 2-2: Foul Ball, location: 2F 2-2: Ball 3-2: Ground out 3-1 (Groundball, 34, EV 105.6 MPH)
|
| Bottom of the 6th over - 0 runs, 0 hits, 0 errors, 0 left on base; Sumter 2 - Greenwood 4 |
| TOP OF THE 7TH |
|
Sumter Gamecocks batting - Pitching for Greenwood Grizzlies : RHP Dana Kiecker
|
|
Batting: RHB Juan Hernandez
|
0-0: Ball 1-0: Ball 2-0: Called Strike 2-1: Ball 3-1: Base on Balls
|
|
Batting: SHB John Cangelosi
|
0-0: Swinging Strike 0-1: Bunted foul 0-2: Foul Ball, location: 2F 0-2: Ball 1-2: Foul Ball, location: 2F 1-2: Grounds into double play, 4-6-3 (Groundball, 4, EV 111.3 MPH)
|
|
Batting: LHB Antonio Tapia
|
0-0: Ball 1-0: Ball 2-0: Ball 3-0: Called Strike 3-1: Base on Balls
|
|
Batting: RHB Randy Washington
|
0-0: Ball 1-0: Ball 2-0: Called Strike 2-1: Ball 3-1: Called Strike 3-2: Foul Ball, location: 2F 3-2: Strikes out swinging
|
| Top of the 7th over - 0 runs, 0 hits, 0 errors, 1 left on base; Sumter 2 - Greenwood 4 |
| BOTTOM OF THE 7TH |
|
Greenwood Grizzlies batting - Pitching for Sumter Gamecocks : RHP David Lopez
|
|
Batting: RHB George Chadwick
|
0-0: Ball 1-0: SINGLE (Groundball, 56D, EV 95.6 MPH)
|
|
Batting: RHB Therron Harper
|
0-0: Ball 1-0: Called Strike George Chadwick steals 2nd base 1-1: Ground out U3 (Groundball, 3, EV 85.0 MPH) George Chadwick to third
|
|
Batting: RHB Timothy Hume
|
0-0: Called Strike 0-1: Swinging Strike 0-2: Fly out, F1 (Line Drive, P, EV 65.0 MPH)
|
|
Batting: RHB Dave Gallagher
|
0-0: Ball 1-0: Ball 2-0: Ball 3-0: Base on Balls
|
|
Batting: RHB Robert Weirum
|
0-0: Ball 1-0: Ball 2-0: Called Strike 2-1: Fly out, F8 (Flyball, 89D, EV 103.1 MPH)
|
| Bottom of the 7th over - 0 runs, 1 hit, 0 errors, 2 left on base; Sumter 2 - Greenwood 4 |
| TOP OF THE 8TH |
|
Sumter Gamecocks batting - Pitching for Greenwood Grizzlies : RHP Dana Kiecker
|
|
Batting: RHB Kelly Gruber
|
0-0: SOLO HOME RUN (Flyball, 7LD, EV 89.4 MPH), Distance : 355 ft
|
|
Batting: LHB Mark Gerard
|
0-0: Ball 1-0: Ball 2-0: Called Strike 2-1: Foul Ball, location: 2F 2-2: SINGLE (Groundball, 4MD, EV 95.6 MPH)
|
|
Batting: RHB Jerry Hidalgo
|
0-0: Bunt missed! 0-1: Bunt - Flyout to 13! F1
|
|
Batting: RHB Aldo Bagiotti
|
0-0: Grounds into double play, 4-6-3 (Groundball, 34, EV 80.6 MPH)
|
| Top of the 8th over - 1 run, 2 hits, 0 errors, 0 left on base; Sumter 3 - Greenwood 4 |
| BOTTOM OF THE 8TH |
|
Greenwood Grizzlies batting - Pitching for Sumter Gamecocks : RHP David Lopez
|
|
Batting: LHB Mike Greenwell
|
0-0: Ball 1-0: Foul Ball, location: 2F 1-1: Ball 2-1: SINGLE (Line Drive, 9LS, EV 103.8 MPH)
|
|
Batting: LHB Daryl Boston
|
0-0: Swinging Strike 0-1: Foul Ball, location: 2F 0-2: Foul Ball, location: 2F 0-2: Strikes out looking
|
|
Batting: RHB Jim Sherman
|
0-0: Called Strike 0-1: Ball 1-1: Fielders Choice at 2nd, 6-4 (Groundball, 6, EV 89.4 MPH)
|
|
Batting: LHB John Flammang
|
0-0: Fly out, F6 (Popup, 6MD, EV 60.6 MPH)
|
| Bottom of the 8th over - 0 runs, 1 hit, 0 errors, 1 left on base; Sumter 3 - Greenwood 4 |
| TOP OF THE 9TH |
|
Sumter Gamecocks batting - Pitching for Greenwood Grizzlies : RHP Dana Kiecker
|
|
Pitching: LHP Brian Hayes
|
|
|
Now at C: Frank Castro
|
|
|
Now in RF: Leon Doak
|
|
|
Pinch Hitting: RHB Ron Shepherd
|
0-0: Ball 1-0: Called Strike 1-1: Called Strike 1-2: Fly out, F7 (Line Drive, 7, EV 93.8 MPH)
|
|
Pinch Hitting: LHB Rick Siriano
|
0-0: Ball 1-0: Ball 2-0: Ball 3-0: Called Strike 3-1: Fly out, F8 (Flyball, 89D, EV 109.4 MPH)
|
|
Batting: SHB John Cangelosi
|
0-0: Called Strike 0-1: Foul Ball, location: 2F 0-2: Ball 1-2: Strikes out swinging
|
| Top of the 9th over - 0 runs, 0 hits, 0 errors, 0 left on base; Sumter 3 - Greenwood 4 |
|